[ AOE2 MATCH · #477803318 ]
Team RMSlavs vs Mongols
[ REPLAY ANALYSIS · EXTRACTED FROM THE RECORDED GAME ]
Feudal
9:57
Castle
17:43
Imperial
32:00
| APM avg | 34.0 |
| APM peak | 84 |
| eAPM avg | 17.6 |
| Villagers / military | 125 / 369 |
Focus
⚔️ 34.6% · 🌾 65.4%
Spearman ×165 · Skirmisher ×127 · Scout Cavalry ×64 · Boyar ×5 · Monk ×3 · Battering Ram ×3
Feudal
13:37
Castle
18:22
Imperial
48:35
| APM avg | 14.9 |
| APM peak | 39 |
| eAPM avg | 9.8 |
| Villagers / military | 96 / 299 |
Focus
⚔️ 26.9% · 🌾 73.1%
Spearman ×153 · Skirmisher ×132 · Battering Ram ×14
Feudal
10:37
Castle
14:34
Imperial
38:16
| APM avg | 19.8 |
| APM peak | 44 |
| eAPM avg | 14.2 |
| Villagers / military | 126 / 99 |
Focus
⚔️ 30.5% · 🌾 69.5%
Battle Elephant ×72 · Monk ×8 · Mangonel ×6 · Trebuchet (Packed) ×4 · Spearman ×3 · Trade Cart ×2
Feudal
11:45
Castle
14:41
Imperial
28:39
| APM avg | 33.3 |
| APM peak | 72 |
| eAPM avg | 17.4 |
| Villagers / military | 150 / 148 |
Focus
⚔️ 34.3% · 🌾 65.7%
Ballista Elephant ×75 · Scout Cavalry ×52 · Trebuchet (Packed) ×15 · Petard ×6
Feudal
11:26
Castle
15:03
Imperial
30:28
| APM avg | 50.4 |
| APM peak | 118 |
| eAPM avg | 22.2 |
| Villagers / military | 169 / 126 |
Focus
⚔️ 27.9% · 🌾 72.1%
Mangudai ×102 · Mangonel ×19 · Trebuchet (Packed) ×5
Feudal
12:11
Castle
16:06
Imperial
34:42
| APM avg | 32.7 |
| APM peak | 61 |
| eAPM avg | 20.9 |
| Villagers / military | 183 / 366 |
Focus
⚔️ 32.1% · 🌾 67.9%
Knight ×248 · Obuch ×37 · Skirmisher ×30 · Petard ×18 · Scout Cavalry ×15 · Trebuchet (Packed) ×11
Feudal
10:59
Castle
18:04
Imperial
37:18
| APM avg | 13.5 |
| APM peak | 44 |
| eAPM avg | 9.4 |
| Villagers / military | 118 / 229 |
Focus
⚔️ 33.3% · 🌾 66.7%
Tarkan ×163 · Cavalry Archer ×63 · Monk ×3
Feudal
10:20
Castle
14:15
Imperial
28:18
| APM avg | 35.7 |
| APM peak | 93 |
| eAPM avg | 19.3 |
| Villagers / military | 136 / 329 |
Focus
⚔️ 35.0% · 🌾 65.0%
Spearman ×175 · Knight ×100 · Hand Cannoneer ×37 · Trade Cart ×9 · Bombard Cannon ×7 · Skirmisher ×5
Match map
Initial resources + every placement click. Lines = walls · curves = elevation contours. ◆ gold · ⬟ stone · ● berries · ✦ relic · ◌ wall gap
Your base· ✓ Closed at 17:43 · 0t walls · 2 gate(s)
nas! HakeN's base· ✓ Closed at 18:22 · 0t walls · 2 gate(s)
Sint Maarten's base· ✓ Closed at 14:34 · 0t walls · 2 gate(s)
tom_brown41's base· ✓ Closed at 14:41 · 0t walls · 3 gate(s)
10000peoplemaybeMore's base· ✓ Closed at 15:03 · 0t walls · 2 gate(s)
nas! ANDi's base· ✓ Closed at 16:06 · 0t walls · 3 gate(s)
ŞaşKomutan's base· ✓ Closed at 18:04 · 0t walls · 3 gate(s)
༺Skipp༻'s base· ✓ Closed at 14:15 · 0t walls · 3 gate(s)
Smoothed initial terrain · ◌ = detected wall gap · hover for details
Inputs per minute
— Nerdyx - - nas! HakeN
Build order — Nerdyx
First 150 of 464 actions detected
| 0:01 | Create | Villager (Male) |
| 0:01 | Create | Villager (Male) |
| 0:02 | Build | House |
| 0:03 | Build | House |
| 0:23 | Create | Villager (Male) |
| 0:23 | Create | Villager (Male) |
| 0:23 | Create | Villager (Male) |
| 1:28 | Create | Villager (Male) |
| 1:58 | Create | Villager (Male) |
| 1:58 | Create | Villager (Male) |
| 1:58 | Create | Villager (Male) |
| 2:13 | Build | Lumber Camp |
| 2:41 | Create | Villager (Male) |
| 2:41 | Create | Villager (Male) |
| 3:28 | Create | Villager (Male) |
| 3:29 | Create | Villager (Male) |
| 3:29 | Create | Villager (Male) |
| 3:37 | Build | House |
| 4:05 | Build | Mill |
| 4:12 | Create | Villager (Male) |
| 4:41 | Create | Villager (Male) |
| 4:41 | Create | Villager (Male) |
| 4:42 | Create | Villager (Male) |
| 4:42 | Create | Villager (Male) |
| 6:05 | Create | Villager (Male) |
| 6:09 | Build | House |
| 6:36 | Build | Mining Camp |
| 6:47 | Create | Villager (Male) |
| 7:13 | Create | Villager (Male) |
| 7:47 | Research | Feudal Age |
| 7:47 | Research | Feudal Age |
| 7:47 | Research | Feudal Age |
| 8:13 | Research | Loom |
| 9:26 | Build | House |
| 9:56 | Create | Villager (Male) |
| 9:57 | Age | Feudal Age |
| 10:01 | Create | Villager (Male) |
| 10:31 | Research | Double-Bit Axe |
| 10:50 | Build | Market |
| 10:54 | Build | Blacksmith |
| 10:56 | Create | Villager (Male) |
| 11:14 | Create | Villager (Male) |
| 11:35 | Research | Horse Collar |
| 11:38 | Build | Farm |
| 11:39 | Build | Farm |
| 11:45 | Create | Villager (Male) |
| 12:02 | Build | Farm |
| 12:06 | Create | Villager (Male) |
| 12:40 | Build | Farm |
| 12:51 | Build | Mining Camp |
| 12:55 | Create | Villager (Male) |
| 13:17 | Create | Villager (Male) |
| 13:30 | Build | Farm |
| 13:35 | Build | Farm |
| 13:44 | Research | Wheelbarrow |
| 13:50 | Build | House |
| 14:27 | Build | Farm |
| 14:51 | Build | Farm |
| 15:03 | Research | Castle Age |
| 15:04 | Research | Castle Age |
| 15:04 | Research | Castle Age |
| 15:07 | Build | Lumber Camp |
| 16:04 | Build | Farm |
| 16:15 | Build | Barracks |
| 16:39 | Create | Villager (Male) |
| 16:46 | Build | House |
| 16:47 | Build | House |
| 16:48 | Build | House |
| 16:49 | Build | House |
| 17:29 | Create | Spearman |
| 17:43 | Age | Castle Age |
| 18:02 | Build | Town Center |
| 18:03 | Create | Villager (Male) |
| 18:10 | Research | Bow Saw |
| 18:13 | Create | Spearman |
| 18:33 | Create | Villager (Male) |
| 18:43 | Research | Squires |
| 18:45 | Research | Scale Mail Armor |
| 18:50 | Build | Monastery |
| 18:57 | Create | Villager (Male) |
| 19:01 | Research | Heavy Plow |
| 19:17 | Create | Villager (Male) |
| 19:28 | Build | Farm |
| 19:33 | Create | Villager (Male) |
| 19:37 | Create | Monk |
| 19:41 | Build | House |
| 19:42 | Build | House |
| 19:56 | Create | Villager (Male) |
| 19:56 | Create | Villager (Male) |
| 20:01 | Build | Farm |
| 20:02 | Build | Farm |
| 20:08 | Build | Farm |
| 20:11 | Create | Villager (Male) |
| 20:21 | Create | Monk |
| 20:36 | Build | House |
| 20:36 | Build | House |
| 20:37 | Create | Villager (Male) |
| 20:38 | Create | Villager (Male) |
| 20:43 | Create | Spearman |
| 21:03 | Create | Villager (Male) |
| 21:04 | Create | Villager (Male) |
| 21:30 | Create | Villager (Male) |
| 21:30 | Create | Villager (Male) |
| 21:31 | Create | Villager (Male) |
| 21:40 | Build | University |
| 21:43 | Create | Villager (Male) |
| 21:47 | Build | House |
| 21:47 | Build | House |
| 21:48 | Build | House |
| 21:49 | Build | House |
| 21:56 | Build | Town Center |
| 22:00 | Create | Villager (Male) |
| 22:04 | Create | Spearman |
| 22:06 | Create | Villager (Male) |
| 22:26 | Build | Barracks |
| 22:30 | Research | Pikeman (upgrade) |
| 22:30 | Research | Pikeman (upgrade) |
| 22:31 | Research | Pikeman (upgrade) |
| 22:46 | Create | Villager (Male) |
| 22:46 | Create | Villager (Male) |
| 22:59 | Create | Spearman |
| 23:02 | Create | Villager (Male) |
| 23:03 | Create | Villager (Male) |
| 23:11 | Build | Castle |
| 23:29 | Create | Villager (Male) |
| 23:29 | Create | Villager (Male) |
| 23:31 | Create | Spearman |
| 23:38 | Build | Farm |
| 23:39 | Build | Farm |
| 23:41 | Build | Farm |
| 23:44 | Build | Farm |
| 23:48 | Create | Villager (Male) |
| 23:52 | Build | Farm |
| 23:54 | Build | Farm |
| 23:57 | Build | Farm |
| 23:59 | Create | Villager (Male) |
| 24:04 | Create | Spearman |
| 24:05 | Create | Spearman |
| 24:12 | Build | House |
| 24:13 | Build | House |
| 24:14 | Build | House |
| 24:15 | Build | House |
| 24:16 | Build | House |
| 24:17 | Build | House |
| 24:39 | Create | Villager (Male) |
| 24:39 | Create | Villager (Male) |
| 24:40 | Create | Villager (Male) |
| 24:40 | Create | Villager (Male) |
| 24:40 | Create | Villager (Male) |
| 24:44 | Build | Farm |
Build order — nas! HakeN
First 150 of 309 actions detected
| 0:01 | Create | Villager (Male) |
| 0:01 | Create | Villager (Male) |
| 0:02 | Create | Villager (Male) |
| 0:02 | Create | Villager (Male) |
| 0:04 | Build | House |
| 0:05 | Build | House |
| 0:07 | Build | House |
| 0:16 | Research | Loom |
| 1:33 | Create | Villager (Male) |
| 2:38 | Create | Villager (Male) |
| 2:39 | Create | Villager (Male) |
| 3:04 | Create | Villager (Male) |
| 3:56 | Create | Villager (Male) |
| 3:57 | Create | Villager (Male) |
| 4:04 | Build | Lumber Camp |
| 4:21 | Create | Villager (Male) |
| 4:21 | Create | Villager (Male) |
| 4:51 | Create | Villager (Male) |
| 5:07 | Build | House |
| 5:08 | Build | House |
| 5:10 | Build | House |
| 5:13 | Create | Villager (Male) |
| 5:13 | Create | Villager (Male) |
| 5:14 | Create | Villager (Male) |
| 5:33 | Create | Villager (Male) |
| 6:01 | Create | Villager (Male) |
| 6:02 | Create | Villager (Male) |
| 6:02 | Create | Villager (Male) |
| 6:10 | Create | Villager (Male) |
| 6:42 | Create | Villager (Male) |
| 6:42 | Create | Villager (Male) |
| 7:26 | Build | Mill |
| 7:34 | Create | Villager (Male) |
| 7:35 | Create | Villager (Male) |
| 7:36 | Create | Villager (Male) |
| 7:37 | Create | Villager (Male) |
| 7:37 | Create | Villager (Male) |
| 8:32 | Create | Villager (Male) |
| 8:32 | Create | Villager (Male) |
| 9:51 | Build | Mining Camp |
| 9:58 | Research | Feudal Age |
| 10:15 | Build | Farm |
| 10:18 | Build | Farm |
| 10:22 | Build | Farm |
| 10:30 | Create | Villager (Male) |
| 10:30 | Create | Villager (Male) |
| 10:31 | Create | Villager (Male) |
| 10:48 | Build | Farm |
| 10:49 | Build | Farm |
| 13:37 | Age | Feudal Age |
| 13:41 | Build | Market |
| 13:45 | Build | Blacksmith |
| 14:03 | Research | Gold Mining |
| 14:06 | Research | Horse Collar |
| 15:01 | Build | Farm |
| 15:14 | Build | Farm |
| 15:15 | Build | Farm |
| 15:17 | Build | Farm |
| 15:18 | Build | Farm |
| 15:20 | Build | Farm |
| 15:28 | Build | Farm |
| 15:29 | Build | Farm |
| 15:31 | Build | Farm |
| 15:33 | Build | Farm |
| 15:42 | Research | Castle Age |
| 15:50 | Build | Barracks |
| 15:56 | Research | Double-Bit Axe |
| 16:52 | Build | Barracks |
| 16:57 | Build | Barracks |
| 17:18 | Research | Scale Mail Armor |
| 17:19 | Research | Forging |
| 17:35 | Create | Spearman ×5 |
| 18:03 | Create | Spearman ×4 |
| 18:22 | Age | Castle Age |
| 18:28 | Create | Villager (Male) |
| 18:41 | Research | Pikeman (upgrade) |
| 18:46 | Research | Gambesons |
| 18:54 | Create | Villager (Male) |
| 19:47 | Create | Villager (Male) |
| 19:52 | Research | Chain Mail Armor |
| 20:06 | Build | Farm |
| 20:10 | Build | Farm |
| 20:15 | Create | Villager (Male) |
| 20:20 | Create | Spearman ×3 |
| 20:50 | Build | Siege Workshop |
| 21:27 | Research | Wheelbarrow |
| 21:31 | Create | Spearman ×4 |
| 21:39 | Build | House |
| 21:40 | Build | House |
| 21:40 | Build | House |
| 21:41 | Build | House |
| 21:42 | Build | House |
| 21:46 | Create | Villager (Male) |
| 22:23 | Create | Villager (Male) |
| 22:24 | Create | Villager (Male) |
| 22:30 | Research | Bow Saw |
| 22:56 | Build | House |
| 22:57 | Build | House |
| 23:01 | Create | Villager (Male) |
| 23:14 | Research | Man-at-Arms (upgrade) |
| 23:36 | Build | Mining Camp |
| 23:39 | Research | Gold Shaft Mining |
| 24:07 | Research | Iron Casting |
| 24:12 | Create | Villager (Male) |
| 24:26 | Create | Battering Ram |
| 24:57 | Create | Battering Ram |
| 25:01 | Create | Villager (Male) |
| 25:03 | Create | Villager (Male) |
| 25:25 | Create | Battering Ram |
| 25:27 | Create | Villager (Male) |
| 25:32 | Build | House |
| 25:32 | Build | House |
| 25:32 | Build | House |
| 25:32 | Build | House |
| 25:50 | Create | Villager (Male) |
| 26:13 | Create | Battering Ram |
| 27:25 | Build | Barracks |
| 27:27 | Create | Battering Ram |
| 27:28 | Create | Battering Ram |
| 27:38 | Build | House |
| 27:38 | Build | House |
| 27:38 | Build | House |
| 27:38 | Build | House |
| 27:39 | Build | House |
| 27:41 | Create | Villager (Male) |
| 27:41 | Create | Villager (Male) |
| 27:42 | Create | Villager (Male) |
| 27:42 | Create | Villager (Male) |
| 27:49 | Build | Farm |
| 28:39 | Create | Villager (Male) |
| 28:47 | Build | Archery Range |
| 29:21 | Create | Villager (Male) |
| 29:24 | Research | Fletching |
| 29:25 | Research | Padded Archer Armor |
| 29:31 | Research | Elite Skirmisher (upgrade) |
| 30:03 | Build | Archery Range |
| 30:04 | Create | Villager (Male) |
| 30:11 | Build | Lumber Camp |
| 30:21 | Build | Lumber Camp |
| 30:38 | Build | Lumber Camp |
| 30:41 | Create | Villager (Male) |
| 30:42 | Create | Villager (Male) |
| 30:46 | Build | House |
| 30:47 | Build | House |
| 30:47 | Build | House |
| 30:47 | Build | House |
| 30:48 | Build | House |
| 30:48 | Build | House |
| 31:12 | Create | Villager (Male) |
| 31:13 | Create | Villager (Male) |
Build order — Sint Maarten
First 150 of 383 actions detected
| 0:01 | Create | Villager (Male) |
| 0:01 | Create | Villager (Male) |
| 0:03 | Build | House |
| 0:04 | Build | House |
| 0:21 | Create | Villager (Male) |
| 0:47 | Create | Villager (Male) |
| 1:31 | Create | Villager (Male) |
| 1:55 | Build | Lumber Camp |
| 1:59 | Create | Villager (Male) |
| 2:18 | Create | Villager (Male) |
| 2:47 | Create | Villager (Male) |
| 3:09 | Create | Villager (Male) |
| 3:36 | Create | Villager (Male) |
| 4:04 | Build | House |
| 4:07 | Build | House |
| 4:10 | Create | Villager (Male) |
| 4:36 | Create | Villager (Male) |
| 4:37 | Create | Villager (Male) |
| 4:54 | Build | Mill |
| 5:20 | Create | Villager (Male) |
| 5:37 | Create | Villager (Male) |
| 6:02 | Create | Villager (Male) |
| 6:18 | Create | Villager (Male) |
| 7:12 | Create | Villager (Male) |
| 7:12 | Create | Villager (Male) |
| 7:14 | Create | Villager (Male) |
| 7:58 | Build | Mining Camp |
| 8:14 | Research | Feudal Age |
| 9:33 | Create | Villager (Male) |
| 9:34 | Research | Loom |
| 10:37 | Age | Feudal Age |
| 10:41 | Build | Market |
| 10:46 | Build | Blacksmith |
| 10:59 | Build | House |
| 11:10 | Create | Villager (Male) |
| 11:33 | Create | Villager (Male) |
| 11:52 | Research | Castle Age |
| 12:29 | Research | Double-Bit Axe |
| 12:47 | Research | Horse Collar |
| 13:13 | Build | Barracks |
| 13:21 | Build | Barracks |
| 14:06 | Create | Villager (Male) |
| 14:07 | Create | Villager (Male) |
| 14:11 | Build | House |
| 14:34 | Age | Castle Age |
| 14:37 | Build | Monastery |
| 14:40 | Build | Monastery |
| 14:42 | Create | Spearman |
| 14:53 | Build | Farm |
| 14:56 | Build | Farm |
| 15:06 | Create | Spearman |
| 15:09 | Create | Villager (Male) |
| 15:17 | Create | Monk |
| 15:41 | Build | Siege Workshop |
| 15:43 | Create | Spearman |
| 15:44 | Create | Monk |
| 15:50 | Build | House |
| 15:51 | Build | House |
| 16:23 | Create | Armored Elephant |
| 16:41 | Build | House |
| 16:43 | Build | House |
| 17:19 | Create | Villager (Male) |
| 17:19 | Create | Villager (Male) |
| 17:42 | Build | House |
| 17:48 | Build | Farm |
| 17:52 | Build | Farm |
| 17:53 | Build | Farm |
| 17:53 | Build | Farm |
| 17:55 | Build | Farm |
| 18:11 | Build | House |
| 18:17 | Research | Fervor |
| 18:18 | Research | Sanctity |
| 18:19 | Research | Redemption |
| 18:19 | Create | Monk |
| 18:20 | Create | Monk |
| 18:46 | Create | Monk |
| 18:47 | Create | Monk |
| 19:15 | Build | Monastery |
| 19:17 | Create | Villager (Male) |
| 19:18 | Create | Villager (Male) |
| 19:25 | Build | Farm |
| 19:28 | Create | Villager (Male) |
| 19:59 | Create | Monk |
| 19:59 | Create | Monk |
| 20:04 | Build | House |
| 20:05 | Build | House |
| 20:07 | Create | Villager (Male) |
| 20:11 | Build | Mining Camp |
| 20:35 | Create | Villager (Male) |
| 20:36 | Create | Villager (Male) |
| 20:50 | Create | Villager (Male) |
| 20:53 | Build | Siege Workshop |
| 21:22 | Build | Stone Wall |
| 21:25 | Create | Villager (Male) |
| 21:36 | Create | Villager (Male) |
| 21:47 | Create | Villager (Male) |
| 21:56 | Create | Villager (Male) |
| 22:01 | Build | Farm |
| 22:09 | Create | Mangonel |
| 22:26 | Build | Lumber Camp |
| 22:31 | Create | Villager (Male) |
| 22:46 | Build | House |
| 22:55 | Build | House |
| 22:56 | Build | House |
| 22:57 | Create | Villager (Male) |
| 23:06 | Create | Villager (Male) |
| 23:25 | Build | Castle |
| 23:28 | Create | Villager (Male) |
| 23:47 | Create | Villager (Male) |
| 23:57 | Create | Villager (Male) |
| 24:01 | Create | Mangonel |
| 24:03 | Create | Mangonel |
| 24:34 | Build | Town Center |
| 25:05 | Build | Farm |
| 25:07 | Build | Farm |
| 25:07 | Build | Farm |
| 25:22 | Create | Villager (Male) |
| 25:25 | Build | Farm |
| 25:33 | Build | Farm |
| 25:35 | Build | Farm |
| 25:52 | Build | Farm |
| 25:54 | Build | Farm |
| 26:13 | Create | Villager (Male) |
| 26:14 | Create | Villager (Male) |
| 26:14 | Create | Villager (Male) |
| 26:26 | Build | Farm |
| 26:58 | Build | House |
| 26:59 | Build | House |
| 27:08 | Create | Mangonel |
| 27:12 | Create | Ratha (Ranged) |
| 27:13 | Create | Ratha (Ranged) |
| 27:27 | Create | Villager (Male) |
| 27:28 | Create | Villager (Male) |
| 27:28 | Create | Villager (Male) |
| 27:39 | Build | Gate |
| 27:40 | Create | Villager (Male) |
| 27:46 | Create | Mangonel |
| 28:06 | Build | Farm |
| 28:40 | Create | Villager (Male) |
| 28:40 | Create | Villager (Male) |
| 28:41 | Create | Villager (Male) |
| 28:42 | Create | Villager (Male) |
| 29:03 | Create | Mangonel |
| 29:09 | Build | Town Center |
| 29:18 | Create | Villager (Male) |
| 29:19 | Create | Villager (Male) |
| 29:22 | Build | Castle |
| 30:01 | Create | Villager (Male) |
| 30:04 | Create | Villager (Male) |
| 30:04 | Create | Villager (Male) |
Build order — tom_brown41
First 150 of 498 actions detected
| 0:02 | Build | House |
| 0:05 | Build | House |
| 0:05 | Create | Villager (Male) |
| 0:05 | Create | Villager (Male) |
| 0:06 | Create | Villager (Male) |
| 0:06 | Create | Villager (Male) |
| 0:06 | Create | Villager (Male) |
| 1:58 | Create | Villager (Male) |
| 1:58 | Create | Villager (Male) |
| 2:04 | Build | Lumber Camp |
| 2:16 | Create | Villager (Male) |
| 2:21 | Create | Villager (Male) |
| 3:07 | Create | Villager (Male) |
| 3:50 | Create | Villager (Male) |
| 3:50 | Create | Villager (Male) |
| 3:53 | Build | House |
| 4:24 | Build | Mill |
| 4:50 | Create | Villager (Male) |
| 4:50 | Create | Villager (Male) |
| 4:50 | Create | Villager (Male) |
| 6:09 | Create | Villager (Male) |
| 6:09 | Create | Villager (Male) |
| 6:13 | Build | House |
| 7:13 | Create | Villager (Male) |
| 8:05 | Create | Villager (Male) |
| 8:06 | Create | Villager (Male) |
| 8:35 | Build | Lumber Camp |
| 9:00 | Build | Mining Camp |
| 9:03 | Create | Villager (Male) |
| 9:35 | Research | Feudal Age |
| 9:58 | Build | House |
| 11:45 | Age | Feudal Age |
| 12:01 | Research | Castle Age |
| 12:24 | Research | Horse Collar |
| 12:44 | Research | Double-Bit Axe |
| 12:44 | Research | Double-Bit Axe |
| 12:51 | Build | Farm |
| 12:52 | Build | Farm |
| 12:55 | Build | Farm |
| 12:57 | Build | Farm |
| 12:58 | Build | Farm |
| 12:59 | Build | Farm |
| 13:00 | Build | Farm |
| 13:04 | Build | Farm |
| 13:05 | Build | Farm |
| 14:41 | Age | Castle Age |
| 14:46 | Create | Villager (Male) |
| 14:46 | Create | Villager (Male) |
| 14:50 | Build | Town Center |
| 15:09 | Build | Town Center |
| 15:11 | Create | Villager (Male) |
| 15:12 | Create | Villager (Male) |
| 15:30 | Create | Villager (Male) |
| 15:31 | Create | Villager (Male) |
| 15:51 | Create | Villager (Male) |
| 15:51 | Create | Villager (Male) |
| 16:16 | Create | Villager (Male) |
| 16:16 | Create | Villager (Male) |
| 16:31 | Create | Villager (Male) |
| 16:31 | Create | Villager (Male) |
| 16:34 | Create | Villager (Male) |
| 16:37 | Build | Farm |
| 17:00 | Research | Bow Saw |
| 17:02 | Create | Villager (Male) |
| 17:02 | Create | Villager (Male) |
| 17:23 | Build | Farm |
| 17:25 | Create | Villager (Male) |
| 17:26 | Create | Villager (Male) |
| 17:33 | Build | Farm |
| 17:34 | Build | Farm |
| 17:39 | Create | Villager (Male) |
| 17:39 | Create | Villager (Male) |
| 17:57 | Create | Villager (Male) |
| 17:58 | Create | Villager (Male) |
| 18:00 | Build | Farm |
| 18:01 | Build | Farm |
| 18:04 | Build | Farm |
| 18:07 | Build | Farm |
| 18:16 | Create | Villager (Male) |
| 18:16 | Create | Villager (Male) |
| 18:20 | Build | Farm |
| 18:22 | Build | Farm |
| 18:26 | Build | House |
| 18:28 | Build | House |
| 18:30 | Build | House |
| 18:32 | Create | Villager (Male) |
| 18:32 | Create | Villager (Male) |
| 18:38 | Create | Villager (Male) |
| 18:38 | Create | Villager (Male) |
| 18:50 | Create | Villager (Male) |
| 18:52 | Build | Farm |
| 18:54 | Build | Farm |
| 19:01 | Create | Villager (Male) |
| 19:02 | Create | Villager (Male) |
| 19:11 | Build | Farm |
| 19:17 | Build | Farm |
| 19:20 | Build | House |
| 19:20 | Build | House |
| 19:20 | Build | House |
| 19:20 | Build | House |
| 19:21 | Build | House |
| 19:24 | Create | Villager (Male) |
| 19:24 | Create | Villager (Male) |
| 19:33 | Create | Villager (Male) |
| 19:34 | Create | Villager (Male) |
| 19:35 | Research | Loom |
| 19:35 | Research | Loom |
| 19:43 | Build | Farm |
| 19:49 | Build | Farm |
| 19:55 | Build | Farm |
| 20:02 | Create | Villager (Male) |
| 20:02 | Create | Villager (Male) |
| 20:04 | Build | Farm |
| 20:10 | Create | Villager (Male) |
| 20:11 | Create | Villager (Male) |
| 20:13 | Research | Wheelbarrow |
| 20:13 | Research | Wheelbarrow |
| 20:16 | Build | Farm |
| 20:24 | Build | Farm |
| 20:27 | Build | House |
| 20:28 | Build | House |
| 20:29 | Build | House |
| 20:30 | Build | House |
| 20:33 | Create | Villager (Male) |
| 20:33 | Create | Villager (Male) |
| 20:39 | Create | Villager (Male) |
| 20:39 | Create | Villager (Male) |
| 20:39 | Create | Villager (Male) |
| 20:48 | Create | Villager (Male) |
| 20:48 | Create | Villager (Male) |
| 20:58 | Create | Villager (Male) |
| 20:58 | Create | Villager (Male) |
| 21:15 | Build | Farm |
| 21:16 | Build | Farm |
| 21:20 | Build | Farm |
| 21:21 | Build | Farm |
| 21:21 | Build | Farm |
| 21:28 | Create | Villager (Male) |
| 21:28 | Create | Villager (Male) |
| 21:28 | Create | Villager (Male) |
| 21:32 | Build | Farm |
| 21:33 | Build | Farm |
| 21:41 | Build | Farm |
| 22:04 | Research | Heavy Plow |
| 22:04 | Research | Heavy Plow |
| 22:12 | Create | Villager (Male) |
| 22:12 | Create | Villager (Male) |
| 22:16 | Create | Villager (Male) |
| 22:19 | Create | Villager (Male) |
| 22:43 | Create | Villager (Male) |
Build order — 10000peoplemaybeMore
First 150 of 400 actions detected
| 0:02 | Build | House |
| 0:04 | Build | House |
| 0:04 | Create | Villager (Male) |
| 0:05 | Create | Villager (Male) |
| 0:05 | Create | Villager (Male) |
| 0:05 | Create | Villager (Male) |
| 0:05 | Create | Villager (Male) |
| 0:05 | Create | Villager (Male) |
| 0:06 | Create | Villager (Male) |
| 1:37 | Create | Villager (Male) |
| 1:37 | Create | Villager (Male) |
| 1:57 | Build | Lumber Camp |
| 1:59 | Create | Villager (Male) |
| 2:00 | Create | Villager (Male) |
| 2:21 | Create | Villager (Male) |
| 2:42 | Create | Villager (Male) |
| 2:42 | Create | Villager (Male) |
| 3:08 | Create | Villager (Male) |
| 3:43 | Create | Villager (Male) |
| 3:43 | Create | Villager (Male) |
| 4:04 | Build | Mill |
| 4:06 | Create | Villager (Male) |
| 4:07 | Create | Villager (Male) |
| 4:13 | Build | House |
| 4:19 | Create | Villager (Male) |
| 4:19 | Create | Villager (Male) |
| 4:31 | Create | Villager (Male) |
| 4:32 | Create | Villager (Male) |
| 4:45 | Create | Villager (Male) |
| 4:46 | Create | Villager (Male) |
| 5:02 | Create | Villager (Male) |
| 5:02 | Create | Villager (Male) |
| 5:18 | Create | Villager (Male) |
| 5:18 | Create | Villager (Male) |
| 5:36 | Create | Villager (Male) |
| 5:36 | Create | Villager (Male) |
| 5:38 | Build | Mill |
| 5:45 | Build | House |
| 5:55 | Create | Villager (Male) |
| 5:55 | Create | Villager (Male) |
| 6:02 | Create | Villager (Male) |
| 6:02 | Create | Villager (Male) |
| 6:09 | Create | Villager (Male) |
| 6:09 | Create | Villager (Male) |
| 6:23 | Build | House |
| 7:10 | Build | Lumber Camp |
| 7:31 | Create | Villager (Male) |
| 7:32 | Create | Villager (Male) |
| 8:31 | Build | Mining Camp |
| 8:51 | Research | Feudal Age |
| 9:28 | Build | Farm |
| 9:28 | Build | Farm |
| 9:28 | Build | Farm |
| 9:29 | Build | Farm |
| 9:29 | Build | Farm |
| 10:30 | Build | Farm |
| 10:45 | Create | Villager (Male) |
| 10:45 | Create | Villager (Male) |
| 11:26 | Age | Feudal Age |
| 11:29 | Build | Market |
| 11:34 | Build | Blacksmith |
| 12:23 | Research | Castle Age |
| 12:24 | Research | Castle Age |
| 12:39 | Research | Double-Bit Axe |
| 12:40 | Research | Horse Collar |
| 13:32 | Create | Villager (Male) |
| 13:32 | Create | Villager (Male) |
| 15:03 | Age | Castle Age |
| 15:08 | Build | Town Center |
| 15:12 | Build | Town Center |
| 15:28 | Research | Bow Saw |
| 15:31 | Build | House |
| 15:34 | Create | Villager (Male) |
| 16:02 | Build | House |
| 16:04 | Create | Villager (Male) |
| 16:25 | Build | Farm |
| 16:31 | Create | Villager (Male) |
| 16:34 | Build | House |
| 16:36 | Create | Villager (Male) |
| 16:40 | Build | Farm |
| 16:43 | Build | Farm |
| 16:43 | Create | Villager (Male) |
| 16:48 | Build | Farm |
| 16:53 | Build | Farm |
| 16:54 | Create | Villager (Male) |
| 16:54 | Create | Villager (Male) |
| 17:00 | Build | Farm |
| 17:04 | Build | Farm |
| 17:06 | Build | Farm |
| 17:08 | Build | House |
| 17:12 | Create | Villager (Male) |
| 17:12 | Create | Villager (Male) |
| 17:13 | Create | Villager (Male) |
| 17:13 | Create | Villager (Male) |
| 17:17 | Build | Farm |
| 17:19 | Build | Farm |
| 17:25 | Build | Farm |
| 17:27 | Build | Farm |
| 17:32 | Create | Villager (Male) |
| 17:32 | Create | Villager (Male) |
| 17:32 | Create | Villager (Male) |
| 17:33 | Create | Villager (Male) |
| 17:40 | Build | Farm |
| 17:42 | Build | Farm |
| 17:46 | Create | Villager (Male) |
| 17:46 | Create | Villager (Male) |
| 17:48 | Build | House |
| 17:58 | Build | Farm |
| 18:00 | Create | Villager (Male) |
| 18:00 | Create | Villager (Male) |
| 18:08 | Build | Farm |
| 18:11 | Create | Villager (Male) |
| 18:11 | Create | Villager (Male) |
| 18:17 | Build | House |
| 18:19 | Create | Villager (Male) |
| 18:19 | Create | Villager (Male) |
| 18:25 | Build | Farm |
| 18:26 | Create | Villager (Male) |
| 18:26 | Create | Villager (Male) |
| 18:36 | Create | Villager (Male) |
| 18:36 | Create | Villager (Male) |
| 18:41 | Build | Farm |
| 18:44 | Build | Farm |
| 18:45 | Create | Villager (Male) |
| 18:49 | Build | House |
| 18:51 | Create | Villager (Male) |
| 18:51 | Create | Villager (Male) |
| 18:57 | Build | Farm |
| 18:59 | Create | Villager (Male) |
| 19:00 | Create | Villager (Male) |
| 19:06 | Create | Villager (Male) |
| 19:06 | Create | Villager (Male) |
| 19:17 | Create | Villager (Male) |
| 19:17 | Create | Villager (Male) |
| 19:27 | Build | House |
| 19:27 | Build | House |
| 19:28 | Build | House |
| 19:29 | Create | Villager (Male) |
| 19:30 | Create | Villager (Male) |
| 19:30 | Create | Villager (Male) |
| 19:52 | Build | Town Center |
| 19:54 | Create | Villager (Male) |
| 19:54 | Create | Villager (Male) |
| 19:55 | Create | Villager (Male) |
| 19:55 | Create | Villager (Male) |
| 19:56 | Create | Villager (Male) |
| 20:10 | Build | Lumber Camp |
| 20:11 | Create | Villager (Male) |
| 20:11 | Create | Villager (Male) |
| 20:34 | Create | Villager (Male) |
Build order — nas! ANDi
First 150 of 551 actions detected
| 0:00 | Create | Villager (Male) |
| 0:01 | Create | Villager (Male) |
| 0:03 | Build | House |
| 0:04 | Build | House |
| 0:10 | Create | Villager (Male) |
| 0:10 | Create | Villager (Male) |
| 0:10 | Create | Villager (Male) |
| 1:29 | Create | Villager (Male) |
| 1:29 | Create | Villager (Male) |
| 1:47 | Build | Lumber Camp |
| 1:59 | Create | Villager (Male) |
| 2:00 | Create | Villager (Male) |
| 2:17 | Create | Villager (Male) |
| 2:17 | Create | Villager (Male) |
| 2:47 | Create | Villager (Male) |
| 2:47 | Create | Villager (Male) |
| 3:02 | Create | Villager (Male) |
| 3:02 | Create | Villager (Male) |
| 3:33 | Create | Villager (Male) |
| 3:34 | Create | Villager (Male) |
| 3:45 | Create | Villager (Male) |
| 3:46 | Create | Villager (Male) |
| 4:26 | Build | Mill |
| 4:32 | Research | Loom |
| 4:53 | Create | Villager (Male) |
| 4:54 | Create | Villager (Male) |
| 4:54 | Create | Villager (Male) |
| 4:57 | Create | Villager (Male) |
| 4:57 | Create | Villager (Male) |
| 5:24 | Create | Villager (Male) |
| 5:24 | Create | Villager (Male) |
| 5:43 | Create | Villager (Male) |
| 5:43 | Create | Villager (Male) |
| 6:13 | Create | Villager (Male) |
| 6:13 | Create | Villager (Male) |
| 6:21 | Build | House |
| 7:06 | Create | Villager (Male) |
| 7:43 | Build | Mining Camp |
| 7:44 | Create | Villager (Male) |
| 7:55 | Create | Villager (Male) |
| 8:23 | Build | Mill |
| 8:27 | Create | Villager (Male) |
| 8:47 | Create | Villager (Male) |
| 8:47 | Create | Villager (Male) |
| 9:29 | Build | Farm |
| 9:57 | Research | Feudal Age |
| 10:40 | Build | Farm |
| 10:42 | Build | Farm |
| 10:45 | Build | Farm |
| 10:51 | Create | Villager (Male) |
| 10:51 | Create | Villager (Male) |
| 10:51 | Create | Villager (Male) |
| 12:11 | Age | Feudal Age |
| 12:13 | Build | Blacksmith |
| 12:16 | Build | Market |
| 12:56 | Build | Mining Camp |
| 13:21 | Research | Castle Age |
| 13:28 | Research | Double-Bit Axe |
| 13:31 | Research | Horse Collar |
| 13:44 | Build | Farm |
| 13:46 | Build | Farm |
| 14:49 | Research | Stone Mining |
| 14:49 | Research | Stone Mining |
| 14:50 | Research | Gold Mining |
| 14:51 | Research | Gold Mining |
| 15:00 | Create | Villager (Male) |
| 15:00 | Create | Villager (Male) |
| 15:14 | Build | Mill |
| 15:34 | Build | Farm |
| 16:06 | Age | Castle Age |
| 16:09 | Build | Castle |
| 16:25 | Research | Bow Saw |
| 16:25 | Research | Bow Saw |
| 16:33 | Create | Villager (Male) |
| 17:16 | Create | Villager (Male) |
| 17:17 | Create | Villager (Male) |
| 17:40 | Create | Villager (Male) |
| 17:46 | Create | Obuch |
| 17:46 | Create | Obuch |
| 18:03 | Create | Villager (Male) |
| 18:03 | Create | Villager (Male) |
| 18:06 | Build | Monastery |
| 18:12 | Create | Obuch |
| 18:41 | Create | Monk |
| 18:47 | Build | Farm |
| 18:48 | Build | Farm |
| 18:49 | Build | Farm |
| 18:51 | Build | Farm |
| 18:54 | Create | Obuch |
| 18:54 | Create | Obuch |
| 19:02 | Create | Villager (Male) |
| 19:03 | Create | Villager (Male) |
| 19:05 | Build | Farm |
| 19:06 | Build | Farm |
| 19:07 | Build | Farm |
| 19:11 | Create | Villager (Male) |
| 19:24 | Create | Obuch |
| 19:24 | Create | Obuch |
| 19:26 | Create | Villager (Male) |
| 19:33 | Create | Monk |
| 19:34 | Create | Monk |
| 19:34 | Create | Monk |
| 19:34 | Create | Monk |
| 19:35 | Create | Monk |
| 19:35 | Create | Monk |
| 19:53 | Build | Farm |
| 19:56 | Create | Villager (Male) |
| 20:02 | Create | Obuch |
| 20:03 | Create | Obuch |
| 20:03 | Create | Obuch |
| 20:13 | Build | Castle |
| 20:19 | Create | Obuch |
| 20:24 | Create | Villager (Male) |
| 20:26 | Build | Farm |
| 20:39 | Create | Obuch |
| 20:39 | Create | Obuch |
| 20:45 | Build | House |
| 21:19 | Create | Obuch |
| 21:19 | Create | Obuch |
| 21:19 | Create | Obuch |
| 21:27 | Build | Lumber Camp |
| 21:37 | Create | Villager (Male) |
| 21:37 | Create | Villager (Male) |
| 21:38 | Create | Villager (Male) |
| 21:38 | Create | Villager (Male) |
| 21:38 | Create | Villager (Male) |
| 21:52 | Build | Farm |
| 22:00 | Create | Obuch |
| 22:01 | Create | Obuch |
| 22:01 | Create | Obuch |
| 22:21 | Create | Villager (Male) |
| 22:32 | Create | Obuch |
| 22:43 | Create | Villager (Male) |
| 23:15 | Research | Fervor |
| 23:17 | Create | Villager (Male) |
| 23:22 | Create | Obuch |
| 23:22 | Create | Obuch |
| 23:22 | Create | Obuch |
| 23:23 | Create | Obuch |
| 23:23 | Create | Obuch |
| 23:49 | Create | Villager (Male) |
| 23:50 | Create | Villager (Male) |
| 23:54 | Build | Town Center |
| 23:56 | Build | Town Center |
| 24:07 | Create | Villager (Male) |
| 24:17 | Create | Petard |
| 24:17 | Create | Petard |
| 24:36 | Build | Farm |
| 24:39 | Build | Farm |
| 24:42 | Build | Farm |
Build order — ŞaşKomutan
First 150 of 249 actions detected
| 0:02 | Research | Loom |
| 0:03 | Create | Villager (Male) ×4 |
| 1:33 | Create | Villager (Male) |
| 1:33 | Create | Villager (Male) |
| 1:34 | Create | Villager (Male) |
| 2:20 | Create | Villager (Male) |
| 2:20 | Create | Villager (Male) |
| 2:37 | Create | Villager (Male) |
| 2:37 | Create | Villager (Male) |
| 3:03 | Create | Villager (Male) |
| 3:45 | Create | Villager (Male) |
| 3:45 | Create | Villager (Male) |
| 3:57 | Create | Villager (Male) |
| 3:57 | Create | Villager (Male) |
| 4:15 | Create | Villager (Male) |
| 4:15 | Create | Villager (Male) |
| 4:39 | Create | Villager (Male) |
| 4:40 | Create | Villager (Male) |
| 4:55 | Create | Villager (Male) |
| 4:55 | Create | Villager (Male) |
| 5:17 | Create | Villager (Male) |
| 5:18 | Create | Villager (Male) |
| 5:18 | Create | Villager (Male) |
| 5:25 | Build | Lumber Camp |
| 5:49 | Create | Villager (Male) |
| 5:49 | Create | Villager (Male) |
| 6:17 | Create | Villager (Male) ×2 |
| 7:04 | Create | Villager (Male) |
| 7:11 | Build | Mill |
| 8:11 | Create | Villager (Male) |
| 8:49 | Research | Feudal Age |
| 8:49 | Research | Feudal Age |
| 9:39 | Build | Mining Camp |
| 9:52 | Build | Mining Camp |
| 10:54 | Build | Farm |
| 10:55 | Build | Farm |
| 10:55 | Build | Farm |
| 10:56 | Build | Farm |
| 10:59 | Create | Villager (Male) ×5 |
| 10:59 | Age | Feudal Age |
| 11:11 | Build | Market |
| 11:21 | Build | Blacksmith |
| 11:27 | Build | Farm |
| 11:54 | Build | Farm |
| 12:15 | Build | Farm |
| 12:41 | Build | Farm |
| 13:00 | Create | Villager (Male) |
| 13:06 | Build | Farm |
| 13:28 | Create | Villager (Male) |
| 13:28 | Create | Villager (Male) |
| 13:31 | Build | Farm |
| 13:56 | Build | Farm |
| 14:12 | Create | Villager (Male) |
| 14:21 | Build | Farm |
| 14:52 | Build | Farm |
| 15:24 | Research | Castle Age |
| 15:24 | Research | Castle Age |
| 15:54 | Research | Double-Bit Axe |
| 16:20 | Build | Barracks |
| 16:35 | Create | Villager (Male) ×4 |
| 16:40 | Research | Horse Collar |
| 17:39 | Build | Stable |
| 18:04 | Age | Castle Age |
| 18:08 | Build | Town Center |
| 18:50 | Build | Castle |
| 19:06 | Research | Bloodlines |
| 19:08 | Create | Villager (Male) ×5 |
| 19:18 | Research | Bow Saw |
| 19:21 | Research | Heavy Plow |
| 20:12 | Build | Monastery |
| 20:14 | Create | Villager (Male) ×4 |
| 21:21 | Create | Villager (Male) ×5 |
| 21:39 | Research | Marauders |
| 21:41 | Research | Forging |
| 21:57 | Create | Villager (Male) ×2 |
| 22:02 | Create | Monk |
| 22:21 | Create | Tarkan ×3 |
| 22:48 | Create | Villager (Male) ×5 |
| 23:11 | Build | Archery Range |
| 23:15 | Create | Villager (Male) ×3 |
| 23:40 | Create | Monk |
| 23:45 | Research | Fervor |
| 23:56 | Research | Fletching |
| 24:08 | Build | University |
| 24:17 | Build | Archery Range |
| 24:18 | Build | Archery Range |
| 24:34 | Create | Villager (Male) ×5 |
| 24:37 | Create | Monk |
| 24:57 | Create | Villager (Male) ×5 |
| 25:36 | Create | Cavalry Archer ×5 |
| 25:48 | Build | Archery Range |
| 25:50 | Build | Archery Range |
| 25:58 | Research | Bodkin Arrow |
| 26:02 | Research | Husbandry |
| 26:09 | Research | Ballistics |
| 26:26 | Create | Cavalry Archer |
| 26:27 | Create | Cavalry Archer |
| 27:17 | Create | Cavalry Archer ×5 |
| 27:26 | Build | Town Center |
| 27:44 | Research | Wheelbarrow |
| 27:44 | Research | Town Watch |
| 27:47 | Create | Villager (Male) ×5 |
| 28:06 | Create | Tarkan ×5 |
| 29:38 | Create | Villager (Male) ×5 |
| 30:04 | Research | Padded Archer Armor |
| 30:27 | Research | Hand Cart |
| 30:37 | Research | Thumb Ring |
| 30:38 | Create | Cavalry Archer ×5 |
| 30:38 | Create | Cavalry Archer ×5 |
| 30:38 | Create | Cavalry Archer ×5 |
| 30:39 | Create | Cavalry Archer ×5 |
| 30:39 | Create | Cavalry Archer ×5 |
| 30:39 | Create | Cavalry Archer ×5 |
| 30:39 | Create | Cavalry Archer |
| 31:03 | Build | Farm |
| 31:03 | Build | Farm |
| 31:27 | Build | Lumber Camp |
| 31:39 | Create | Villager (Male) ×5 |
| 31:49 | Build | Lumber Camp |
| 32:09 | Research | Gold Mining |
| 32:36 | Research | Leather Archer Armor |
| 32:43 | Build | Farm |
| 32:48 | Build | Farm |
| 32:48 | Build | Farm |
| 32:48 | Build | Farm |
| 32:53 | Create | Villager (Male) ×5 |
| 33:06 | Create | Villager (Male) ×5 |
| 33:17 | Build | Town Center |
| 33:37 | Build | Farm |
| 33:58 | Research | Imperial Age |
| 33:58 | Research | Imperial Age |
| 34:01 | Build | Farm |
| 34:06 | Build | Farm |
| 34:12 | Build | Farm |
| 34:16 | Build | Farm |
| 34:29 | Build | Town Center |
| 35:32 | Build | Stable |
| 35:32 | Build | Stable |
| 35:32 | Build | Stable |
| 35:33 | Build | Stable |
| 35:37 | Build | Stable |
| 35:37 | Build | Stable |
| 35:38 | Build | Stable |
| 35:38 | Build | Stable |
| 35:39 | Build | Stable |
| 35:40 | Build | Stable |
| 35:41 | Build | Stable |
| 35:41 | Build | Stable |
| 36:10 | Build | Town Center |
| 36:24 | Create | Villager (Male) |
Build order — ༺Skipp༻
First 150 of 471 actions detected
| 0:02 | Build | House |
| 0:02 | Create | Villager (Male) |
| 0:02 | Create | Villager (Male) |
| 0:03 | Create | Villager (Male) |
| 0:03 | Create | Villager (Male) |
| 0:03 | Create | Villager (Male) |
| 0:04 | Build | House |
| 1:40 | Create | Villager (Male) |
| 1:52 | Build | Lumber Camp |
| 2:05 | Create | Villager (Male) |
| 2:18 | Create | Villager (Male) |
| 2:52 | Create | Villager (Male) |
| 3:14 | Create | Villager (Male) |
| 3:14 | Create | Villager (Male) |
| 3:47 | Create | Villager (Male) |
| 3:58 | Create | Villager (Male) |
| 4:20 | Build | House |
| 4:40 | Create | Villager (Male) |
| 4:41 | Create | Villager (Male) |
| 5:05 | Create | Villager (Male) |
| 5:37 | Create | Villager (Male) |
| 6:07 | Build | Mill |
| 6:11 | Create | Villager (Male) |
| 6:16 | Build | House |
| 6:55 | Create | Villager (Male) |
| 6:55 | Create | Villager (Male) |
| 6:56 | Create | Villager (Male) |
| 7:20 | Create | Villager (Male) |
| 7:26 | Build | Mining Camp |
| 8:10 | Research | Feudal Age |
| 8:11 | Create | Villager (Male) |
| 9:27 | Create | Villager (Male) |
| 10:20 | Age | Feudal Age |
| 10:21 | Build | Blacksmith |
| 10:25 | Build | Market |
| 10:26 | Research | Loom |
| 11:15 | Research | Castle Age |
| 11:29 | Research | Double-Bit Axe |
| 11:42 | Build | Lumber Camp |
| 12:06 | Create | Villager (Male) |
| 12:28 | Build | House |
| 12:29 | Build | House |
| 12:35 | Research | Horse Collar |
| 13:04 | Build | Mining Camp |
| 13:34 | Research | Bow Saw |
| 13:46 | Build | Farm |
| 13:46 | Build | Farm |
| 13:46 | Build | Farm |
| 13:47 | Build | Farm |
| 13:47 | Build | Farm |
| 13:48 | Build | Farm |
| 13:55 | Build | Farm |
| 14:05 | Create | Villager (Male) |
| 14:15 | Age | Castle Age |
| 14:44 | Build | Town Center |
| 14:55 | Build | Farm |
| 15:09 | Build | Farm |
| 15:10 | Create | Villager (Male) |
| 15:32 | Research | Wheelbarrow |
| 15:38 | Build | Farm |
| 16:18 | Create | Villager (Male) |
| 16:18 | Create | Villager (Male) |
| 16:18 | Create | Villager (Male) |
| 16:23 | Build | Farm |
| 16:23 | Build | Farm |
| 16:23 | Build | Farm |
| 17:05 | Build | Town Center |
| 17:08 | Create | Villager (Male) |
| 17:08 | Create | Villager (Male) |
| 17:09 | Create | Villager (Male) |
| 17:19 | Build | Farm |
| 17:21 | Create | Villager (Male) |
| 17:36 | Build | Farm |
| 17:41 | Create | Villager (Male) |
| 17:52 | Build | Farm |
| 18:13 | Create | Villager (Male) |
| 18:13 | Create | Villager (Male) |
| 18:14 | Create | Villager (Male) |
| 18:21 | Build | Farm |
| 18:27 | Create | Villager (Male) |
| 18:28 | Create | Villager (Male) |
| 18:28 | Create | Villager (Male) |
| 18:28 | Create | Villager (Male) |
| 18:31 | Build | Farm |
| 18:39 | Build | Farm |
| 18:50 | Build | Farm |
| 18:56 | Create | Villager (Male) |
| 18:56 | Create | Villager (Male) |
| 19:01 | Build | Farm |
| 19:31 | Create | Villager (Male) |
| 19:32 | Create | Villager (Male) |
| 19:32 | Create | Villager (Male) |
| 19:32 | Create | Villager (Male) |
| 19:32 | Create | Villager (Male) |
| 19:33 | Create | Villager (Male) |
| 19:33 | Create | Villager (Male) |
| 19:37 | Build | House |
| 19:38 | Build | House |
| 19:39 | Build | House |
| 19:44 | Build | House |
| 19:50 | Create | Villager (Male) |
| 19:50 | Create | Villager (Male) |
| 19:53 | Build | Town Center |
| 20:01 | Build | Town Center |
| 20:05 | Create | Villager (Male) |
| 20:07 | Create | Villager (Male) |
| 20:07 | Create | Villager (Male) |
| 20:17 | Research | Heavy Plow |
| 20:18 | Create | Villager (Male) |
| 20:18 | Create | Villager (Male) |
| 20:36 | Build | Farm |
| 20:37 | Build | Farm |
| 20:38 | Build | Farm |
| 20:46 | Build | Farm |
| 20:50 | Create | Villager (Male) |
| 20:51 | Create | Villager (Male) |
| 21:19 | Create | Villager (Male) |
| 21:24 | Research | Stone Mining |
| 21:26 | Research | Gold Mining |
| 21:29 | Create | Villager (Male) |
| 21:29 | Create | Villager (Male) |
| 21:29 | Create | Villager (Male) |
| 21:34 | Build | Farm |
| 21:39 | Build | Lumber Camp |
| 21:44 | Build | Barracks |
| 21:48 | Build | House |
| 21:49 | Build | House |
| 21:50 | Build | House |
| 21:51 | Create | Villager (Male) |
| 21:51 | Create | Villager (Male) |
| 21:51 | Create | Villager (Male) |
| 21:51 | Create | Villager (Male) |
| 21:51 | Create | Villager (Male) |
| 21:56 | Create | Villager (Male) |
| 21:56 | Create | Villager (Male) |
| 21:56 | Create | Villager (Male) |
| 22:24 | Build | Siege Workshop |
| 22:27 | Create | Villager (Male) |
| 22:27 | Create | Villager (Male) |
| 22:27 | Create | Villager (Male) |
| 22:42 | Build | Stable |
| 22:58 | Build | University |
| 23:01 | Create | Villager (Male) |
| 23:01 | Create | Villager (Male) |
| 23:05 | Build | House |
| 23:05 | Build | House |
| 23:06 | Build | House |
| 23:08 | Build | House |
| 23:09 | Build | House |
| 23:14 | Create | Villager (Male) |
Match timeline
| 9:57 | Nerdyx · age_up feudal |
| 10:20 | ༺Skipp༻ · age_up feudal |
| 10:37 | Sint Maarten · age_up feudal |
| 10:59 | ŞaşKomutan · age_up feudal |
| 11:14 | ༺Skipp༻ · first_market_sell 100 stone |
| 11:26 | 10000peoplemaybeMore · age_up feudal |
| 11:37 | Sint Maarten · first_market_sell 100 wood |
| 11:40 | Sint Maarten · first_market_buy 100 food |
| 11:45 | tom_brown41 · age_up feudal |
| 12:11 | nas! ANDi · age_up feudal |
| 13:13 | Sint Maarten · first_building Barracks |
| 13:37 | nas! HakeN · age_up feudal |
| 14:07 | ŞaşKomutan · first_market_buy 500 food |
| 14:15 | ༺Skipp༻ · age_up castle |
| 14:34 | Sint Maarten · age_up castle |
| 14:37 | Sint Maarten · first_building Monastery |
| 14:41 | tom_brown41 · age_up castle |
| 14:55 | Nerdyx · first_market_buy 100 food |
| 15:03 | 10000peoplemaybeMore · age_up castle |
| 15:23 | ŞaşKomutan · first_market_sell 100 wood |
| 15:27 | ༺Skipp༻ · first_market_buy 100 food |
| 15:41 | Sint Maarten · first_building Siege Workshop |
| 15:50 | nas! HakeN · first_building Barracks |
| 16:06 | nas! ANDi · age_up castle |
| 16:09 | nas! ANDi · first_building Castle |
| 16:15 | Nerdyx · first_building Barracks |
| 16:20 | ŞaşKomutan · first_building Barracks |
| 17:12 | 10000peoplemaybeMore · first_market_buy 100 food |
| 17:39 | ŞaşKomutan · first_building Stable |
| 17:43 | Nerdyx · age_up castle |
| 18:04 | ŞaşKomutan · age_up castle |
| 18:06 | nas! ANDi · first_building Monastery |
| 18:22 | nas! HakeN · age_up castle |
| 18:50 | ŞaşKomutan · first_building Castle |
| 18:50 | Nerdyx · first_building Monastery |
| 20:12 | ŞaşKomutan · first_building Monastery |
| 20:50 | nas! HakeN · first_building Siege Workshop |
| 21:22 | Sint Maarten · wall_segment Stone Wall x9 |
| 21:36 | 10000peoplemaybeMore · tribute_sent a jugador 1 |
| 21:36 | 10000peoplemaybeMore · tribute_sent a jugador 2 |
| 21:36 | 10000peoplemaybeMore · tribute_sent a jugador 3 |
| 21:36 | 10000peoplemaybeMore · tribute_sent a jugador 5 |
| 21:36 | 10000peoplemaybeMore · tribute_sent a jugador 6 |
| 21:36 | 10000peoplemaybeMore · tribute_sent a jugador 7 |
| 21:36 | 10000peoplemaybeMore · tribute_sent a jugador 8 |
| 21:44 | ༺Skipp༻ · first_building Barracks |
| 22:24 | ༺Skipp༻ · first_building Siege Workshop |
| 22:42 | ༺Skipp༻ · first_building Stable |
| 23:10 | nas! ANDi · first_market_sell 100 wood |
| 23:11 | Nerdyx · first_building Castle |
| 23:11 | ŞaşKomutan · first_building Archery Range |
| 23:25 | Sint Maarten · first_building Castle |
| 23:59 | 10000peoplemaybeMore · first_building Barracks |
| 24:12 | ༺Skipp༻ · first_building Castle |
| 25:00 | 10000peoplemaybeMore · first_building Castle |
| 25:00 | Nerdyx · first_building Siege Workshop |
| 25:08 | tom_brown41 · first_market_sell 100 food |
| 25:37 | tom_brown41 · first_building Castle |
| 26:31 | 10000peoplemaybeMore · first_building Archery Range |
| 26:37 | 10000peoplemaybeMore · first_building Stable |
| 27:42 | tom_brown41 · first_building Barracks |
| 27:47 | tom_brown41 · first_building Stable |
| 28:18 | ༺Skipp༻ · age_up imperial |
| 28:38 | Nerdyx · first_market_sell 100 wood |
| 28:39 | tom_brown41 · age_up imperial |
| 28:47 | nas! HakeN · first_building Archery Range |
| 28:53 | tom_brown41 · first_market_buy 100 stone |
| 29:15 | ŞaşKomutan · tribute_sent a jugador 1 |
| 29:15 | ŞaşKomutan · tribute_sent a jugador 2 |
| 29:15 | ŞaşKomutan · tribute_sent a jugador 3 |
| 29:15 | ŞaşKomutan · tribute_sent a jugador 4 |
| 29:15 | ŞaşKomutan · tribute_sent a jugador 5 |
| 29:15 | ŞaşKomutan · tribute_sent a jugador 7 |
| 29:15 | ŞaşKomutan · tribute_sent a jugador 8 |
| 30:23 | nas! ANDi · first_building Barracks |
| 30:28 | 10000peoplemaybeMore · age_up imperial |
| 30:56 | nas! ANDi · first_building Stable |
| 31:13 | nas! ANDi · first_market_buy 100 food |
| 32:00 | Nerdyx · age_up imperial |
| 32:05 | Nerdyx · wall_segment Stone Wall x1 |
| 32:07 | Nerdyx · wall_segment Stone Wall x1 |
| 32:10 | ༺Skipp༻ · first_building Archery Range |
| 34:15 | 10000peoplemaybeMore · first_building Siege Workshop |
| 34:42 | nas! ANDi · age_up imperial |
| 35:23 | Sint Maarten · first_building Stable |
| 35:59 | tom_brown41 · first_building Siege Workshop |
| 37:18 | ŞaşKomutan · age_up imperial |
| 38:16 | Sint Maarten · age_up imperial |
| 39:13 | Nerdyx · first_building Archery Range |
| 41:15 | Nerdyx · first_building Stable |
| 43:49 | nas! HakeN · first_building Monastery |
| 45:01 | nas! ANDi · first_building Archery Range |
| 48:35 | nas! HakeN · age_up imperial |
| 49:56 | tom_brown41 · resign |
| 50:40 | ༺Skipp༻ · first_building Monastery |
[ AI ANALYSIS · 1 CREDIT ]
What really happened in this match?
Wolo.gg analyzes every decision: build order, eco, micro, common mistakes by bracket. Personalized analysis on WhatsApp or Discord in 30 seconds.
Civ guide
Slavs
Map guide
Arena
Perfil
Jugador #5968340